AoeStats
← captainmcawesome95

Nomad

511485167Analyzed
3v3 RM · 14d ago on Oct 5, 2026· 51m 42s· 6 players
Game mode
Random Map
Map size
210×210
Population
200
Speed
Normal
Resources
Standard
Victory
Conquest
Starting age
Dark Age
Ending age
Imperial Age
RankedLock teamsTeams togetherTeam positionsShared explorationLock speedFull tech treeHidden civsTurbo modeCheats
Victory
Defeat
🇦🇺 Huns · Australia
1300
+12
🇦🇺 Italians · Australia
1292
+13
🇦🇺 Vietnamese · Australia
1283
+13
vs
🇨🇴 Saracens · Colombia
1296
-15
🇨🇿 Britons · Czechia
1217
-13
🇨🇭 Vikings · Switzerland
1139
-10
Zelda
3:59 Loom
16:04 Feudal Age
18:32 Fletching
30:04 Fishing Lines
38:42 Castle Age
36:58 Double-Bit Axe
39:47 Bow Saw
40:44 Padded Archer Armor
40:41 Bodkin Arrow
41:23 Gillnets
43:07 Wheelbarrow
43:36 Ballistics
45:51 Leather Archer Armor
Dyragor
5:36 Loom
12:21 Loom
15:18 Feudal Age
16:12 Double-Bit Axe
16:37 Fishing Lines
21:33 Castle Age
21:10 Horse Collar
21:51 Forging
21:42 Scale Mail Armor
22:27 Medium Warships
22:36 Bow Saw
23:23 Gillnets
25:46 Fletching
26:45 Arson
29:03 Bodkin Arrow
29:24 Chain Mail Armor
29:55 Town Watch
31:11 Squires
36:46 Imperial Age
36:28 Chieftains
37:32 Heavy Plow
37:27 Gold Mining
37:28 Stone Mining
38:16 Conscription
38:59 Elite Varangian Guard
40:24 Plate Mail Armor
40:30 Iron Casting
43:01 Gold Shaft Mining
44:51 Elite Skirmisher
46:11 Bracer
46:12 Padded Archer Armor
47:13 Blast Furnace
47:38 Crop Rotation
49:46 Leather Archer Armor
ofespinelman
5:34 Loom
13:46 Feudal Age
15:29 Fishing Lines
15:44 Double-Bit Axe
19:15 Castle Age
17:36 Fletching
20:49 Crossbowman
28:11 Scale Barding Armor
29:01 Bloodlines
34:09 Imperial Age
32:37 Chain Barding Armor
36:09 Chemistry
35:38 Medium Warships
35:46 Husbandry
Simo
13:45 Feudal Age
17:59 Castle Age
16:30 Gold Mining
16:42 Fishing Lines
17:47 Double-Bit Axe
19:36 Gillnets
20:35 Bow Saw
29:58 Loom
35:43 Horse Collar
40:32 Gold Shaft Mining
40:50 Bloodlines
40:41 Husbandry
40:56 Scale Barding Armor
42:33 Town Watch
44:01 Chain Barding Armor
43:52 Forging
45:00 Wheelbarrow
46:58 Stone Mining
47:35 Town Patrol
54:01 Imperial Age
51:50 Hand Cart
captainmcawesome95
5:17 Loom
13:58 Feudal Age
19:54 Castle Age
23:09 Gold Mining
23:16 Double-Bit Axe
28:46 Bow Saw
smashbot
9:30 Loom
12:50 Feudal Age
13:25 Double-Bit Axe
14:12 Fishing Lines
16:18 Fletching
19:20 Padded Archer Armor
22:29 Castle Age
23:24 Bow Saw
23:44 Medium Warships
23:29 Gillnets
24:41 Ballistics
25:49 Clinker Construction
25:47 Stone Mining
26:43 Masonry
27:14 Bodkin Arrow
27:53 Careening
33:21 Imperial Age
30:18 Elite Skirmisher
33:41 Wheelbarrow
32:51 Town Watch
35:09 Chemistry
33:34 Imperial Skirmisher
34:20 Bracer
34:36 Thumb Ring
38:55 Pirotechnia
40:26 Leather Archer Armor
40:45 Conscription
43:29 Heavy Warships
45:53 Silk Road
45:42 Caravan
47:23 Carvel Hull
47:10 Siphons
49:52 Treadmill Crane
50:12 Murder Holes
51:06 Architecture
Connection lost

Rejoining the realm…

Still unreachable

The connection could not be restored.

Session expired

The server has moved on; the page needs a fresh start.